 Dungeon Crawl Stone Soup version 0.30.0-30-g96aa6591b8 (webtiles) character file.

Game seed: 1406980071709190062

269 Abishai the Gusty (level 6, -10/47 HPs)
             Began as a Draconian Air Elementalist on June 27, 2023.
             Was a Believer of Okawaru.
             Mangled by an ogre
             ... wielding a +0 giant club
              (32 damage)
             ... on level 5 of the Dungeon.
             The game lasted 00:11:30 (4049 turns).

Abishai the Gusty (Draconian Air Elementalist)      Turns: 4049, Time: 00:11:31

Health: -10/47     AC:  6    Str: 10    XL:     6   Next: 1%
Magic:  5/9        EV: 12    Int: 17    God:    Okawaru [**....]
Gold:   258        SH:  0    Dex: 12    Spells: 4/10 levels left

rFire   . . .        o - +1 hand axe (freeze)
rCold   x . .        l - orb {mayhem}
rNeg    . . .        (body armour unavailable)
rPois   .            (helmet restricted)
rElec   .            (no cloak)
rCorr   .            (no gloves)
SInv    .            (no boots)
Will    .....        c - amulet of regeneration
Stlth   ++           (no ring)
HPRegen 1.87/turn    (no ring)
MPRegen 0.11/turn

%: mayhem
@: no status effects
A: AC +6, unfitting armour, cold-blooded, talons 1, low MP 1, regeneration 1,
cold vulnerability 1
a: Renounce Religion, Heroism


You were on level 5 of the Dungeon.
You worshipped Okawaru.
Okawaru was pleased with you.
You visited 1 branch of the dungeon, and saw 5 of its levels.

You collected 258 gold pieces.

Inventory:

Hand Weapons
 o - a +1 hand axe of freezing (weapon)
Armour
 l - an orb of mayhem (worn)
Jewellery
 c - an amulet of regeneration (around neck)
 k - a ring of flight
Wands
 d - a wand of mindburst (8)
 e - a wand of polymorph (8)
Scrolls
 a - 2 scrolls of teleportation
 b - a scroll of enchant armour
 h - a scroll of silence
 i - a scroll of brand weapon
 n - 2 scrolls of blinking
 q - 2 scrolls of vulnerability {unknown}
 r - a scroll of immolation
 s - 2 scrolls of poison {unknown}
Potions
 f - a potion of mutation
 g - 2 potions of attraction
 j - a potion of brilliance {unknown}
 m - a potion of might {unknown}
 p - 2 potions of heal wounds {unknown}


   Skills:
 * Level 1.4 Fighting
 * Level 1.2 Axes
 * Level 2.5 Dodging
 * Level 2.6 Stealth
 - Level 0.2 Unarmed Combat
 * Level 2.8 Spellcasting
 * Level 2.1 Conjurations
 * Level 0.6 Hexes
 * Level 0.5 Ice Magic
 * Level 3.9 Air Magic
 * Level 1.1 Invocations
 * Level 0.6 Evocations


You had 4 spell levels left.
You knew the following spells:

 Your Spells              Type           Power      Damage    Failure   Level
a - Shock                 Conj/Air       48%        1d6       4%          1
b - Static Discharge      Conj/Air       24%        2-3/arc   8%          2
d - Mephitic Cloud        Conj/Pois/Air  9%         N/A       24%         3

Your spell library contained the following spells:

 Spells                   Type           Power      Damage    Failure   Level
 Magic Dart               Conj           36%        1d4       8%          1
 Swiftness                Air            15%        N/A       11%         3
 Ensorcelled Hibernation  Hex/Ice        8%         N/A       22%         2
 Passwall                 Tmut/Erth      1%         N/A       26%         2
 Airstrike                Air            7%         2d(2-18)  34%         4
 Call Imp                 Summ           Unusable   N/A       N/A         2

Dungeon Overview and Level Annotations

Branches:
Dungeon (5/15)             Temple (0/1) D:5

Altars:
Hepliaklqana
Okawaru
Yredelemnul


Innate Abilities, Weirdness & Mutations

Your plain brown scales are hard. (AC +6)
You cannot fit into any form of body armour.
You are cold-blooded and may be slowed by cold attacks.
You have sharp toenails.
Your magical capacity is low. (-10% MP)
Your natural rate of healing is unusually fast.
You are vulnerable to cold. (rC-)


Message History

You are struck by an arc of lightning.
The jelly is struck by an arc of lightning.
You kill the jelly!
Okawaru is honoured by your kill.
The lightning grounds out.
Your Invocations skill increases to level 1!
You have reached level 6!
Your scales feel tougher.
You start resting.
HP restored.
You start resting.
You are no longer corroded.
You start resting.
An ogre comes into view. It is wielding a +0 giant club.
The ogre shouts!
Casting: Static Discharge (safe; 8% risk of failure)
Press: ? - help, Q - select action, (/) - cycle Dir - look around, f - activate The ogre is struck by an arc of lightning.
The ogre is lightly wounded.
You are struck by an arc of lightning.
The lightning grounds out.
The ogre closely misses you.
You barely miss the ogre. Your kick misses the ogre.
The ogre is lightly wounded.
You hit the ogre. You freeze the ogre. You claw the ogre, but do no damage.
Your tail-slap misses the ogre.
The ogre is lightly wounded.
The ogre hits you with a +0 giant club!
Casting: Static Discharge (safe; 8% risk of failure)
Press: ? - help, Q - select action, (/) - cycle Dir - look around, f - activate The ogre is struck by an arc of lightning.
The ogre is moderately wounded.
You are struck by an arc of lightning.
The lightning grounds out.
The ogre hits you with a +0 giant club!
Aiming: Mindburst
Press: ? - help, Shift-Dir - straight line, f - ogre
Aim: an ogre, wielding a +0 giant club (moderately wounded, chance to affect: 67%)
The ogre struggles to resist.
The ogre hits you with a +0 giant club!!
Ouch! That really hurt!
You die...

#.# #.# #.#
##.## ##...##
## ##.....##...
##...O...#.#
###....@.....#.
..'............
###..........#.
##.......#.#
##.....## ..
##...## . ##.##
#.# #.#


You could see an ogre.

Vanquished Creatures
  A howler monkey (D:5)
  2 jellies
  A sleepcap (D:5)
  5 adders
  A shadow imp (D:5)
  A dart slug (D:3)
  An orc (D:4)
  4 endoplasms
  A giant cockroach (D:2)
  5 goblins
  10 hobgoblins
  7 jackals
  3 quokkas
  5 ball pythons
  5 bats
  4 frilled lizards
  10 kobolds
  3 rats
69 creatures vanquished.

Vanquished Creatures (others)
  A dart slug (D:3)
1 creature vanquished.

Grand Total: 70 creatures vanquished

Notes
Turn   | Place    | Note
-------+----------+-------------------------------------------
     0 | D:1      | Abishai the Draconian Air Elementalist began the quest for
                  | the Orb.
     0 | D:1      | Reached XP level 1. HP: 14/14 MP: 3/3
   221 | D:1      | Reached XP level 2. HP: 22/22 MP: 1/5
   224 | D:1      | Learned a level 2 spell: Static Discharge
   484 | D:2      | Found a faded altar of an unknown god.
   487 | D:2      | Prayed at the altar of an unknown god.
   487 | D:2      | Became a worshipper of Warmaster Okawaru
   487 | D:2      | Reached * piety under Okawaru
  1205 | D:2      | Reached XP level 3. HP: 8/27 MP: 0/6
  1211 | D:2      | HP: 1/27 [poisoned by an adder]
  1749 | D:3      | Found an iron altar of Okawaru.
  2133 | D:3      | Reached skill level 1 in Fighting
  2426 | D:3      | Reached XP level 4. HP: 34/35 MP: 4/7
  2861 | D:4      | Gained mutation: You have sharp toenails. [potion of
                  | mutation]
  2861 | D:4      | Gained mutation: Your magical capacity is low. (-10% MP)
                  | [potion of mutation]
  2861 | D:4      | Gained mutation: You are vulnerable to cold. (rC-) [potion
                  | of mutation]
  2861 | D:4      | Gained mutation: Your natural rate of healing is unusually
                  | fast. [potion of mutation]
  3064 | D:4      | Learned a level 2 spell: Ensorcelled Hibernation
  3561 | D:5      | Entered Level 5 of the Dungeon
  3594 | D:5      | Reached XP level 5. HP: 40/40 MP: 2/8
  3682 | D:5      | Reached skill level 1 in Axes
  3770 | D:5      | Found a staircase to the Ecumenical Temple.
  3814 | D:5      | Reached ** piety under Okawaru
  3825 | D:5      | Learned a level 3 spell: Mephitic Cloud
  3913 | D:5      | Found a basalt altar of Yredelemnul.
  3913 | D:5      | Found a hazy altar of Hepliaklqana.
  3990 | D:5      | Reached skill level 1 in Invocations
  3990 | D:5      | Reached XP level 6. HP: 37/47 MP: 2/9
  4049 | D:5      | Mangled by an ogre

Illustrated notes

Levels and vault maps discovered:
D:1:      mrwooster_arrival_arrow, layout_rooms, minmay_pentomino_p2
D:2:      layout_basic, hellmonk_ecumenical_altar_heavens_door
D:3:      layout_loops_corners, okawaru_ov_weapons_minmay
D:4:      layout_rooms, grunt_ministairs_12, st_stairs_10,
          dreamdust_princess_bridge
D:5:      layout_loops_corners, gammafunk_temple_overflow_statue,
          minmay_temple_entry_trees

Skill      XL: |  1  2  3  4  5 |
---------------+----------------+-----
Dodging        | 2 |  2.5
Stealth        | 2 |  2.6
Fighting       | 1 |  1.4
Axes           | 1 |  1.2
Conjurations   | 2 |  2.1
Invocations    | 1 |  1.1
Unarmed Combat | |  0.2
Spellcasting   | |  2.8
Hexes          | |  0.6
Ice Magic      | |  0.5
Air Magic      | |  3.9
Evocations     | |  0.6

Action                     |  1- 3 |  4- 6 || total
---------------------------+-------+-------++-------
  Melee: Unarmed           |    37 |       ||    37
         Tailslap          |     3 |     5 ||     8
         Hand axe          |     9 |    43 ||    52
         Kick              |       |     6 ||     6
   Cast: Shock             |    21 |     1 ||    22
         Static Discharge  |    32 |    28 ||    60
  Evoke: Wand              |       |     2 ||     2
    Use: Potion            |     2 |     4 ||     6
         Scroll            |     4 |     7 ||    11
   Stab: Sleeping          |     2 |     3 ||     5
 Armour: Skin              |    49 |    16 ||    65
  Dodge: Dodged            |   108 |    49 ||   157
